 Dungeon Crawl Stone Soup version 0.31-a0-198-g2ad674f65e (webtiles) character file.

Game seed: 221433158657932610

343 qw the Skirmisher (level 6, -7/30 (35) HPs)
             Began as a Deep Elf Hunter on June 25, 2023.
             Mangled by Duvessa
             ... wielding a +0 short sword of draining
              (13 damage)
             ... on level 4 of the Dungeon.
             The game lasted 00:00:55 (3060 turns).

qw the Skirmisher (Deep Elf Hunter)                 Turns: 3060, Time: 00:00:56

HP:   -7/30 (35)    AC:  7    Str: 16    XL:     6   Next: 31%
MP:   8/8           EV: 13    Int: 14    God:
Gold: 38            SH:  0    Dex: 24    Spells: 5/5 levels left

rFire   . . .        a - +0 shortbow (heavy)
rCold   . . .        (shield currently unavailable)
rNeg    . . .        d - +0 ring mail
rPois   .            g - +0 helmet
rElec   .            (no cloak)
rCorr   .            (no gloves)
SInv    .            b - +0 pair of boots
Will    .....        (no amulet)
Stlth   ++           i - +6 ring of dexterity
HPRegen 0.25/turn    c - +6 ring of strength
MPRegen 0.11/turn

%: no passive effects
@: heavily drained
A: no striking features
a: no special abilities


You were on level 4 of the Dungeon.
You visited 1 branch of the dungeon, and saw 4 of its levels.

You collected 122 gold pieces.
You spent 84 gold pieces at shops.


   Skills:
 - Level 2.0 Fighting
 - Level 9.1 Ranged Weapons
 - Level 1.5 Armour
 + Level 3.2 Dodging
 - Level 1.2 Stealth


You had 5 spell levels left.
You didn't know any spells.
Your spell library was empty.

Inventory:

Hand Weapons
 a - a +0 heavy shortbow (weapon)
Armour
 b - a +0 pair of boots (worn)
 d - a +0 ring mail (worn)
 g - a +0 helmet (worn)
Jewellery
 c - a +6 ring of strength (right hand)
 i - a +6 ring of dexterity (left hand)
 m - an amulet of magic regeneration
Scrolls
 j - a scroll of brand weapon
Potions
 e - a potion of attraction {unknown}
 f - a potion of lignification {unknown}
 h - a potion of haste {unknown}
 k - a potion of enlightenment {unknown}
 l - 2 potions of curing

Dungeon Overview and Level Annotations

Branches:
Dungeon (4/15)
 Temple: D:4-7

Altars:
Makhleb

Shops:
D:3 !

Annotations:
D:4 Duvessa


Message History

You kill the hobgoblin!
Dowan, Brother of Duvessa comes into view.
He is wielding a +0 dagger.
Enter note:
Enter note: You shoot an arrow.
The arrow hits Dowan.
Dowan shouts!
Dowan is moderately wounded.
Duvessa, Sister of Dowan comes into view.
She is wielding a +0 short sword of draining.
You shoot an arrow.
Duvessa shouts!
The arrow hits Dowan.
Dowan is heavily wounded.
You shoot an arrow. The arrow hits Dowan!
You kill Dowan!
Duvessa weeps, and shakes her weapon.
Duvessa goes berserk!
You hear a howl!
Your Armour skill increases to level 1!
You shoot an arrow.
The arrow hits Duvessa but does no damage.
Duvessa hits you with a +0 short sword of draining.
You feel drained.
You shoot an arrow. The arrow hits Duvessa!
Duvessa is lightly wounded.
Duvessa hits you with a +0 short sword of draining!
You feel drained. Duvessa misses you.
You shoot an arrow. The arrow closely misses Duvessa.
Duvessa closely misses you.
Duvessa hits you with a +0 short sword of draining!
You feel drained. Duvessa closely misses you.
You shoot an arrow. The arrow barely misses Duvessa.
Duvessa barely misses you. Duvessa closely misses you.
You shoot an arrow. The arrow hits Duvessa!!
Duvessa is heavily wounded.
Duvessa barely misses you. x2
You shoot an arrow. The arrow barely misses Duvessa.
Duvessa hits you with a +0 short sword of draining.
You feel drained.
Duvessa hits you with a +0 short sword of draining!
You die...

###..#.##............#.
##...#........#..#.#. ..
#.###...#......#..##
%...###.###....##...#...#.
........#......##..#..#.##
##.####.#.#.......#.....#.
#.......#.#.#.#........
#.####..# ....##....# #
#@.# ..#.##....#
.....)e...# #.....#...#
.......#### ..#.......#
....... #.....))..#
##.#### ###.###.#.. .. ..
###.##. # . #...(..
#..###. #......


You could see Duvessa (berserk).

Vanquished Creatures
  Blork the orc (D:4)
  A scorpion (D:3)
  Dowan (D:4)
  7 adders
  4 gnolls (D:4)
  2 worms (D:3)
  An orc (D:3)
  5 endoplasms
  2 giant cockroaches
  9 hobgoblins
  4 jackals (D:1)
  11 ball pythons
  5 bats
  4 frilled lizards
  3 goblins
  7 kobolds
  4 rats (D:1)
71 creatures vanquished.

Notes
Turn   | Place    | Note
-------+----------+-------------------------------------------
     0 | D:1      | qw the Deep Elf Hunter began the quest for the Orb.
     0 | D:1      | Reached XP level 1. HP: 12/12 MP: 3/3
     0 | D:1      | 0 ||| qw: Version: 0.3-a-22-g0ed2b0b
     0 | D:1      | 0 ||| qw: Game counter: 5220
     0 | D:1      | 0 ||| qw: Melee chars always use a shield: true
     0 | D:1      | 0 ||| qw: God list: Okawaru
     0 | D:1      | 0 ||| qw: Allow faded altars: false
     0 | D:1      | 0 ||| qw: Do Orc after clearing Dungeon:15 true
     0 | D:1      | 0 ||| qw: Do second Lair branch before Depths: true
     0 | D:1      | 0 ||| qw: Lair rune preference: random
     0 | D:1      | 0 ||| qw: Goals: Normal
     0 | D:1      | 0 ||| PLANNING D:1-11
    53 | D:1      | Found a faded altar of an unknown god.
   145 | D:1      | Reached XP level 2. HP: 16/16 MP: 4/4
   181 | D:1      | Reached skill level 6 in Ranged Weapons
   872 | D:1      | Reached XP level 3. HP: 20/20 MP: 5/5
  1082 | D:1      | 1082 ||| UPGRADING to +0 helmet.
  1087 | D:1      | 1087 ||| READING scroll labelled WEERAYSHRIM.
  1088 | D:1      | 1088 ||| READING scroll labelled VUINTA CAUGO.
  1089 | D:1      | 1089 ||| DROPPING scroll of butterflies.
  1158 | D:2      | 1158 ||| STAIRDANCE
  1347 | D:2      | Reached skill level 7 in Ranged Weapons
  1485 | D:2      | 1485 ||| UPGRADING to +0 pair of boots.
  1500 | D:2      | Reached XP level 4. HP: 25/25 MP: 6/6
  1500 | D:2      | 1500 ||| UPGRADING to +0 ring mail.
  1510 | D:2      | 1510 ||| DROPPING +0 leather armour.
  1523 | D:2      | 1523 ||| DROPPING ring of magical power.
  1524 | D:2      | 1524 ||| UPGRADING to +6 ring of dexterity.
  1525 | D:2      | 1525 ||| DRINKING 2 pink potions.
  1526 | D:2      | 1526 ||| DROPPING potion of degeneration.
  1980 | D:2      | 1980 ||| UPGRADING to +6 ring of strength.
  1981 | D:2      | 1981 ||| READING scroll labelled DUNESENYEPH.
  1982 | D:2      | 1982 ||| READING 2 scrolls labelled GECWIU UTOGHOLLO.
  1983 | D:2      | 1983 ||| READING scroll labelled DOUHEZXATHRU.
  1984 | D:2      | 1984 ||| DROPPING scroll of summoning.
  2356 | D:3      | Reached skill level 3 in Dodging
  2415 | D:3      | Found Plog's Distillery.
  2423 | D:3      | 2423 ||| BUYING potion of curing (42 gold).
  2423 | D:3      | Bought a potion of curing for 42 gold pieces
  2423 | D:3      | 2423 ||| BUYING potion of curing (42 gold).
  2423 | D:3      | Bought a potion of curing for 42 gold pieces
  2423 | D:3      | 2423 ||| SHOPLISTING potion of curing (42 gold, have 15).
  2423 | D:3      | 2423 ||| SHOPLISTING potion of enlightenment (70 gold, have
                  | 15).
  2664 | D:3      | Found a burning altar of Makhleb.
  2696 | D:3      | Noticed a scorpion
  2697 | D:3      | Killed a scorpion
  2698 | D:3      | Reached skill level 8 in Ranged Weapons
  2698 | D:3      | Reached XP level 5. HP: 29/29 MP: 7/7
  2904 | D:3      | 2904 ||| READING scroll labelled NORAIG OMNOUNY.
  2935 | D:4      | Noticed Blork the orc
  2939 | D:4      | Killed Blork the orc
  2940 | D:4      | Reached skill level 9 in Ranged Weapons
  2959 | D:4      | Reached XP level 6. HP: 30/35 MP: 8/8
  3051 | D:4      | Noticed Dowan
  3052 | D:4      | Noticed Duvessa
  3054 | D:4      | Killed Dowan
  3055 | D:4      | Reached skill level 1 in Armour
  3060 | D:4      | HP: 7/31 [Duvessa/+0 short sword of draining (3)]
  3060 | D:4      | Mangled by Duvessa

Levels and vault maps discovered:
D:1:      dpeg_arrival_morbid_curiosity, layout_basic,
          hellmonk_ecumenical_altar_blasted
D:2:      layout_basic, nicolae_kite_square_tiling_tiny, minmay_pentomino_p4
D:3:      layout_loops_corners, lightli_temple_of_fire, serial_shops,
          nicolae_shop_statue_plus
D:4:      layout_basic, marbit_many_paths, hangedman_decor_opposing,
          minmay_fractal_squares_5, uniq_duvessa, uniq_blork_the_orc

Skill      XL: |  1  2  3  4  5  6 |
---------------+-------------------+-----
Ranged Weapons | 6 7 8 9 |  9.1
Dodging        | 3 |  3.2
Fighting       | 2 |  2.0
Armour         | 1 |  1.5
Stealth        | |  1.2

Action                     |  1- 3 |  4- 6 || total
---------------------------+-------+-------++-------
   Fire: Shortbow          |   130 |    69 ||   199
    Use: Scroll            |     2 |     4 ||     6
         Potion            |       |     1 ||     1
 Armour: Leather armour    |     8 |       ||     8
         Ring mail         |       |     9 ||     9
  Dodge: Dodged            |    47 |    18 ||    65

Table legend:
 A = Non-vault XP
 B = Vault XP
 C = Vault XP percentage of total XP
 D = Non-vault monster count
 E = Vault monster count
 F = Vault count percentage of total count
                 A         B        C        D         E       F
            +---------+---------+-------+---------+---------+-------
      Total |     314 |     177 |  36.0 |      61 |      10 |  14.1
            +---------+---------+-------+---------+---------+-------
        D:1 |      37 |       9 |  19.6 |      25 |       5 |  16.7
        D:2 |      80 |       5 |   5.9 |      14 |       3 |  17.6
        D:3 |     121 |       0 |   0.0 |      15 |       0 |   0.0
        D:4 |      76 |     163 |  68.2 |       7 |       2 |  22.2
            +---------+---------+-------+---------+---------+-------
